 Dungeon Crawl Stone Soup version 0.18-a0-1485-g189885c (webtiles) character file.

597 Duffy the Basher (level 7, -1/71 HPs)
             Began as an Ogre Hunter on Mar 3, 2016.
             Succumbed to a killer bee's poison
             ... on level 4 of the Dungeon.
             The game lasted 00:05:34 (5984 turns).

Duffy the Basher (Ogre Hunter)                      Turns: 5984, Time: 00:05:35

Health: -1/71      AC:  4    Str: 20    XL:     7   Next: 40%
Magic:  7/7        EV: 10    Int: 10    God:
Gold:   149        SH:  0    Dex: 10    Spells: 0 memorised, 6 levels left

rFire  . . .     SeeInvis .     y - +0 giant club
rCold  . . .     Gourm    .     b - +0 robe
rNeg   . . .     Faith    .     (shield currently unavailable)
rPois  .         Spirit   .     (helmet restricted)
rElec  .         Dismiss  .     o - +0 cloak
rCorr  .         Reflect  .     (gloves unavailable)
SustAt .         Harm     .     (boots unavailable)
MR     .....                    C - amulet of regeneration
Stlth  +.........               (no ring)
                                B - ring of wizardry

@: lethally poisoned (-1 -> -17), not resistant to hostile enchantments, very
unstealthy
A: unfitting armour, tough skin 1
a: no special abilities


You were on level 4 of the Dungeon.
You were not hungry.

You visited 1 branch of the dungeon, and saw 5 of its levels.

You collected 149 gold pieces.


Innate Abilities, Weirdness & Mutations

You are too large for most types of armour.
You have tough skin (AC +1).


   Skills:
 - Level 4.5 Fighting
 + Level 9.3 Maces & Flails
 - Level 4.0 Throwing
 - Level 1.7 Dodging
 - Level 0.8 Stealth


You had 6 spell levels left.
You didn't know any spells.

Inventory:

Hand Weapons
 j - a +0 whip
 v - a +0 flail
 y - a +0 giant club (weapon)
Missiles
 c - 4 large rocks (quivered)
 d - 2 throwing nets
 G - 18 poisoned needles
Armour
 b - a +0 robe (worn)
 o - a +0 cloak (worn)
Jewellery
 u - an uncursed amulet of dismissal
 B - a ring of wizardry (left hand)
 C - an amulet of regeneration (around neck)
Wands
 E - a wand of flame (21/48)
 H - a wand of paralysis (12/24)
Scrolls
 a - 2 scrolls of fear {unknown}
 e - 2 scrolls of enchant weapon {unknown}
 h - 5 scrolls of remove curse
 l - 4 scrolls of identify {unknown}
 m - 4 scrolls of blinking {unknown}
 n - a scroll of noise {unknown}
 p - a scroll of amnesia {unknown}
 q - 2 scrolls of teleportation {unknown}
 r - 2 scrolls of recharging {unknown}
 x - a scroll of enchant armour {unknown}
Potions
 i - 3 potions of heal wounds {unknown}
 w - a potion of mutation {unknown}
 z - a potion of curing {unknown}
 A - a potion of flight {unknown}
 D - a potion of invisibility {unknown}
 I - a potion of brilliance {unknown}
Books
 J - a book of Minor Magic
Comestibles
 f - 4 bread rations
 g - a beef jerky
 k - 5 meat rations
 s - a slice of pizza
 t - a royal jelly
 F - 2 chunks of flesh

Dungeon Overview and Level Annotations

Branches:
Dungeon (5/15)
 Temple: D:4-7

Altars:
Dithmenos
Gozag
Okawaru
Pakellas


Message History

You are more poisoned.
The killer bee poisons you! The killer bee closely misses you.
The killer bee stings you.
You barely miss the killer bee.
You feel sick. The killer bee closely misses you. The killer bee stings you!
You are more poisoned.
The killer bee poisons you! The killer bee stings you.
The killer bee stings you!
You are lethally poisoned!
The killer bee poisons you!
You are too injured to fight recklessly!
You are too injured to fight recklessly!
You are too injured to fight recklessly!
You are too injured to fight recklessly!
You are too injured to fight recklessly!
You are too injured to fight recklessly!
You are too injured to fight recklessly!
You are too injured to fight recklessly!
You are too injured to fight recklessly!
You are too injured to fight recklessly!
You feel very sick.
You feel very sick. The killer bee barely misses you.
You hit the killer bee.
The killer bee is moderately wounded.
You feel very sick.
The killer bee stings you but does no damage.
The killer bee misses you.
You barely miss the killer bee.
The killer bee is moderately wounded.
You feel very sick. The killer bee stings you. x2
You miss the killer bee.
The killer bee is moderately wounded.
You die...

### #.# #.# #.##.# ..## #.# #.#
#.##.# ...## #.# #.# #.##.#
#.#.###.# #.# #.##.# ........#
#.# #.##.# #.#.##### #.# #.#..#
.^.## #.# #..#.## #.####
###########.# #.###.# .....#
#.......@yy.# #..#.## ####)#
#.####..###.# #.#.## #<# #.#
#..# #.# #.#.# #[# #.# #..# #.#
#.#.# ## #.# #.# #>.# #.# #.#.#
.###.####.# #..# #.#######.#.#
..........# #..###...........#
.###.#########..............###
.###............###.#########


You could see 2 killer bees.

Action                   |  1- 3 |  4- 6 |  7- 9 || total
-------------------------+-------+-------+-------++-------
Melee: Short sword       |    91 |       |       ||    91
       Whip              |    53 |    42 |       ||    95
       Flail             |       |   172 |    26 ||   198
       Giant club        |       |       |    19 ||    19
Throw: Large rock        |     4 |     3 |       ||     7
  Use: Scroll            |       |       |     1 ||     1
  Eat: Chunk             |     3 |    11 |     2 ||    16

Notes
Turn   | Place    | Note
--------------------------------------------------------------
     0 | D:1      | Duffy the Ogre Hunter began the quest for the Orb.
     0 | D:1      | Reached XP level 1. HP: 22/22 MP: 1/1
    33 | D:1      | Reached skill level 3 in Fighting
   336 | D:1      | Reached XP level 2. HP: 24/32 MP: 2/2
   691 | D:1      | Reached skill level 4 in Fighting
   951 | D:1      | Reached XP level 3. HP: 31/40 MP: 3/3
  1150 | D:1      | Reached skill level 1 in Maces & Flails
  1359 | D:2      | Reached skill level 2 in Maces & Flails
  1893 | D:2      | Reached XP level 4. HP: 40/49 MP: 4/4
  2015 | D:2      | Reached skill level 3 in Maces & Flails
  2242 | D:2      | You fall through a shaft for 2 floors!
  2366 | D:3      | Noticed Robin
  2750 | D:4      | Killed Robin
  2750 | D:4      | Reached skill level 4 in Maces & Flails
  2971 | D:3      | Reached XP level 5. HP: 38/55 MP: 5/5
  3220 | D:4      | Noticed a black bear
  3282 | D:3      | Reached skill level 5 in Maces & Flails
  3597 | D:3      | Reached skill level 6 in Maces & Flails
  3791 | D:2      | Reached XP level 6. HP: 63/63 MP: 6/6
  4135 | D:3      | Found an oddly glowing altar of Pakellas.
  4839 | D:4      | Killed a black bear
  4839 | D:4      | Reached skill level 7 in Maces & Flails
  5149 | D:4      | Reached skill level 8 in Maces & Flails
  5149 | D:4      | Reached XP level 7. HP: 51/71 MP: 7/7
  5658 | D:5      | Entered Level 5 of the Dungeon
  5693 | D:5      | Reached skill level 9 in Maces & Flails
  5823 | D:5      | Found an iron altar of Okawaru.
  5864 | D:5      | Found an opulent altar of Gozag.
  5864 | D:5      | Found a shadowy altar of Dithmenos.
  5984 | D:4      | Succumbed to a killer bee's poison

Vault maps used:
D:1:      matt_arrival_diagonals
D:2:      minmay_item_behind_shaft
D:3:      lemuel_doored_altar, uniq_robin
D:4:      minmay_opposing_rooms, first_bread
D:5:      wad_lake_hut, gammafunk_temple_overflow_pools,
          okawaru_metal_pillars_1_2

Vanquished Creatures
  A black bear
  An ogre
  A phantom
  A centaur skeleton
  3 orc wizards Robin
  3 gnolls
  9 adders
  An ooze
  An adder skeleton
  A worm
  3 dart slugs
  3 giant geckos
  11 orcs
  7 bats
  4 giant cockroaches
  9 goblins
  11 hobgoblins
  9 kobolds
  3 quokkas
  A ball python skeleton
  2 giant newts
  A quokka skeleton
  5 rats
  A plant
93 creatures vanquished.
